 Dungeon Sprint DCSS version 0.29-a0-923-g6e406bff71 (webtiles) character file.

Game seed: 16121257866856166197

40833 rocky1 the Acrobat (level 14, 0/130 (136) HPs)
             Began as a Merfolk Gladiator on July 28, 2022.
             Was the Champion of Okawaru.
             Slain by an ancient lich (2 damage)
             ... in the Dungeon (Sprint VII: "The Pits").
             The game lasted 00:24:32 (6548 turns).

rocky1 the Acrobat (Merfolk Gladiator)              Turns: 6548, Time: 00:24:33

HP:   0/130 (136)   AC: 19    Str: 18    XL:     14   Next: 12%
MP:   20/20         EV: 27    Int:  9    God:    Okawaru [******]
Gold: 31            SH:  0    Dex: 18    Spells: 13/13 levels left

rFire   + . .      SeeInvis +   o - +2 scimitar (holy)
rCold   x . .      Faith    .   (no shield)
rNeg    . . .      Spirit   .   F - +3 troll leather armour of Cyuniuj {rF+ rC- Regen+ rCorr Slay+5}
rPois   .          Reflect  .   I - +2 helmet {SInv}
rElec   .          Harm     .   s - +0 cloak
rCorr   +          Rampage  .   J - +0 pair of gloves
Will    +....      NoTele   +   (no boots)
Stlth   +.........              (no amulet)
HPRegen 1.11/turn               a - +3 ring of dexterity
MPRegen 0.17/turn               b - +3 ring of protection

@: lightly drained
A: (nimble swimmer 2), mertail
a: Renounce Religion, Heroism, Finesse


You were in the Dungeon.
You worshipped Okawaru.
Okawaru was exalted by your worship.
You visited 1 branch You collected 31 gold pieces.

Inventory:

Hand Weapons
 o - a +2 scimitar of holy wrath (weapon)
 p - a +2 halberd of protection
 u - a +1 glaive
 A - the +4 trident "Zitzuj" {vamp, *Noise Str+4 Int+4}
   (You found it in the Dungeon)

   It occasionally heals its wielder for a portion of the damage dealt when it
   wounds a living foe.
   Str:       It affects your strength (+4).
   Int:       It affects your intelligence (+4).
   *Noise:    It may make noises in combat.
 D - a +2 bardiche of venom
 G - a +1 great sword of flaming
 H - a +3 triple sword of draining
Missiles
 d - 3 throwing nets (quivered)
 e - 4 javelins
Armour
 c - a +0 helmet
 r - the +0 pair of boots "Useezafa" {Harm rCorr Str+9 Int-2}
   (Okawaru gifted it to you in the Dungeon)

   Str:       It affects your strength (+9).
   Int:       It affects your intelligence (-2).
   rCorr:     It protects you from acid and corrosion.
   Harm:      It increases damage dealt and taken.
 s - a +0 cloak (worn)
 t - the +7 chain mail of Duck's Teeth {-Tele MP+9 Str+5}
   (Okawaru gifted it to you in the Dungeon)

   Str:       It affects your strength (+5).
   MP:        It affects your magic capacity (+9).
   -Tele:     It prevents most forms of teleportation.
 v - the +5 plate armour of Impatience {+Inv rC+++ Int-4 SInv}
   (Okawaru gifted it to you in the Dungeon)

   Int:       It affects your intelligence (-4).
   rC:        It renders you almost immune to cold.
   SInv:      It lets you see invisible.
   +Inv:      It lets you turn invisible.
 F - the +3 troll leather armour of Cyuniuj (worn) {rF+ rC- Regen+ rCorr Slay+5}
   (Okawaru gifted it to you in the Dungeon)

   Slay:      It affects your accuracy & damage with ranged weapons and melee
   (+5).
   rF:        It protects you from fire.
   rC:        It makes you vulnerable to cold.
   Regen:     It increases your rate of health regeneration.
   rCorr:     It protects you from acid and corrosion.
 I - a +2 helmet of see invisible (worn)
 J - a +0 pair of gloves (worn)
Jewellery
 a - a +3 ring of dexterity (left hand)
 b - a +3 ring of protection (right hand)
 x - a ring of see invisible
 C - the ring of Optimism {Fly Str-2 Dex+3}
   (You found it in the Dungeon)

   [ring of flight]

   Str:       It affects your strength (-2).
   Dex:       It affects your dexterity (+3).
   Fly:       It grants you flight.
Wands
 z - a wand of digging (5)
Scrolls
 k - 2 scrolls of blinking
 m - 5 scrolls of amnesia
 w - a scroll of silence
 y - 6 scrolls of enchant armour
 B - a scroll of immolation
 E - 4 scrolls of enchant weapon
Potions
 f - 6 potions of curing
 g - 9 potions of heal wounds
 h - a potion of haste
 i - 4 potions of magic
 j - 7 potions of berserk rage
 l - 2 potions of invisibility
 n - 2 potions of mutation
 q - 2 potions of brilliance


   Skills:
 + Level 20.3 Fighting
 + Level 11.3 Long Blades
 + Level 21.0 Polearms
 - Level 4.6 Throwing
 + Level 14.7 Armour
 + Level 23.8 Dodging
 - Level 9.0 Invocations


You had 13 spell levels left.
You didn't know any spells.
Your spell library contained the following spells:

 Spells                   Type           Power      Damage    Failure   Level
 Mephitic Cloud           Conj/Pois/Air  0%         N/A       80%         3
 Ozocubu's Armour         Ice            0%         N/A       80%         3
 Stone Arrow              Conj/Erth      0%         3d7       80%         3
 Ice Form                 Ice/Tmut       0%         N/A       99%         4
 Sticky Flame             Conj/Fire      0%         2d3       99%         4
 Metabolic Englaciation   Hex/Ice        0%         N/A       100%        5
 Conjure Ball Lightning   Conj/Air       0%         3x3d6     100%        6
 Ozocubu's Refrigeration  Ice            0%         4d5       100%        7
 Maxwell's Capacitive Co  Air            0%         ∞         100%        8
 Simulacrum               Ice/Necr       Unusable   N/A       N/A         6

Dungeon Overview and Level Annotations

Branches:
Dungeon (1/1)

Altars:
Ashenzari
Cheibriados
Dithmenos
Elyvilon
Fedhas
Gozag
Hepliaklqana
Kikubaaqudgha
Makhleb
Nemelex Xobeh
Okawaru
Qazlal
Ru
Sif Muna
Trog
Uskayaw
Vehumet
Wu Jian
Xom
Yredelemnul
Zin
The Shining One
Jiyva
Lugonu

Annotations:
D Frances


Innate Abilities, Weirdness & Mutations

((You are very nimble when in or above water. (Stealth+, EV+, Speed+++)))
Your lower body shifts to a powerful aquatic tail in water.


Message History

* * * LOW HITPOINT WARNING * * *
Unknown command.
You feel much better.
Unknown command.
Your +2 bardiche of venom stops dripping with poison.
Your +2 scimitar of holy wrath softly glows with a divine radiance!
o - a +2 scimitar of holy wrath (weapon)
Unknown command.
You barely miss the ancient lich. The ancient lich barely misses you.
You slice the ancient lich!!
The ancient lich convulses!
The ancient lich is moderately damaged.
The ancient lich closely misses you.
You hit the ancient lich.
The ancient lich convulses.
The ancient lich is heavily damaged.
The ancient lich touches you!
You slash the ancient lich!
The ancient lich convulses!
The ancient lich is heavily damaged.
The ancient lich mumbles some strange words.
The ancient lich seems to speed up.
You barely miss the ancient lich.
The ancient lich is heavily damaged.
The ancient lich touches you.
* * * LOW HITPOINT WARNING * * *
You feel drained.
* * * LOW HITPOINT WARNING * * *
You slice the ancient lich!!
The ancient lich convulses!
The ancient lich is almost destroyed.
The ancient lich gestures at you while chanting.
The crystal spear hits you!!
* * * LOW HITPOINT WARNING * * *
You slash the ancient lich!
The ancient lich convulses.
The ancient lich is almost destroyed.
The ancient lich points at you and mumbles some strange words.
The bolt of acid misses you.
You barely miss the ancient lich.
The ancient lich is almost destroyed.
The ancient lich touches you!
* * * LOW HITPOINT WARNING * * *
You feel drained.
You die...

#### ######## ..#.N
#......# ....2 #......#
.....#......#
#.2.#@.....# .
#...##L..###
...#.#..#.#..#
.............#
...#.#.)#.#..# .
#...##[..########++###
#...#.)....##.........
.....#...÷.÷##.........
.....
#......''..#....#.


You could see an ancient lich (fast).

Vanquished Creatures
  2 death cobs (D)
  A titan (D)
  2 storm dragons (D)
  A shadow dragon (D)
  A nagaraja (D)
  A fire giant (D)
  A ghost moth (D)
  Azrael (D)
  A dire elephant (D)
  An eidolon (D)
  A merfolk javelineer (D)
  An ettin (D)
  An ice dragon (D)
  Erolcha (D)
  Erica (D)
  2 anacondas (D)
  A two-headed ogre (D)
  2 death knights (D)
  An alligator (D)
  A sun demon (D)
  An orc high priest (D)
  2 sea snakes (D)
  A spriggan druid (D)
  A flayed ghost (D)
  A deep troll (D)
  A sixfirhy (D)
  2 lindwurms (D)
  2 deep elf zephyrmancers (D)
  An orc knight (D)
  2 phantasmal warriors (D)
  2 manticores (D)
  An orc sorcerer (D)
  A cyclops (D)
  A manticore (shapeshifter) (D)
  An ugly thing (D)
  An elephant (D)
  A rust devil (D)
  A guardian serpent (shapeshifter) (D)
  A black mamba (D)
  An orange demon (D)
  3 molten gargoyles (D)
  A merfolk siren (D)
  An eye of devastation (D)
  A yaktaur (D)
  2 kobold demonologists (D)
  A komodo dragon (D)
  A tormentor (D)
  A freezing wraith (D)
  2 ice devils (D)
  A hornet (D)
  5 blink frogs (D)
  2 tarantellas (D)
  2 merfolk (D)
  2 large abominations (D)
  A snapping turtle (D)
  A slime creature (shapeshifter) (D)
  2 ynoxinuls (D)
  2 flying skulls (D)
  2 spriggans (D)
  A shadow (D)
  A small abomination (D)
  A basilisk (D)
  Grum (D)
  2 fire elementals (D)
  A chaos spawn (D)
  A redback (D)
  A neqoxec (D)
  12 hell hounds (D)
  3 floating eyes (D)
  A water moccasin (D)
  A swamp drake (D)
  4 orc warriors (D)
  An ice beast (D)
  A sky beast (D)
  10 wolves (D)
  2 centaurs (D)
  3 kobold brigands (D)
  A bullfrog (D)
  An earth elemental (D)
  A necrophage (D)
  2 orc priests (D)
  A hound (D)
  3 orc wizards (D)
  3 adders (D)
  A river rat (D)
  2 adder zombies (D)
  2 adder skeletons (D)
  A worm (D)
  9 orcs (D)
  A giant cockroach (D)
  2 jackals (D)
  10 kobolds (D)
  A quokka (D)
  A ball python zombie (D)
  A bat simulacrum (D)
  A jackal skeleton (D)
  A quokka skeleton (D)
  A quokka zombie (D)
  2 rats (D)
177 creatures vanquished.

Vanquished Creatures (others)
  A kobold (D)
1 creature vanquished.

Grand Total: 178 creatures vanquished

Notes
Turn   | Place    | Note
-------+----------+-------------------------------------------
     0 | D        | rocky1 the Merfolk Gladiator began the quest for the Orb.
     0 | D        | Reached XP level 1. HP: 16/16 MP: 1/1
    19 | D        | Found a bloodstained altar of Trog.
    19 | D        | Found a shimmering blue altar of Sif Muna.
    19 | D        | Found a viscous altar of Jiyva.
    19 | D        | Found a hazy altar of Hepliaklqana.
    19 | D        | Found an opulent altar of Gozag.
    20 | D        | Found a glowing golden altar of the Shining One.
    20 | D        | Found a glowing silver altar of Zin.
    20 | D        | Found a basalt altar of Yredelemnul.
    20 | D        | Found a shimmering altar of Xom.
    20 | D        | Found an ornate altar of the Wu Jian Council.
    20 | D        | Found a sacrificial altar of Ru.
    20 | D        | Found a stormy altar of Qazlal.
    20 | D        | Found an iron altar of Okawaru.
    20 | D        | Found a sparkling altar of Nemelex Xobeh.
    20 | D        | Found a burning altar of Makhleb.
    20 | D        | Found a blossoming altar of Fedhas.
    20 | D        | Found a white marble altar of Elyvilon.
    20 | D        | Found a shadowy altar of Dithmenos.
    20 | D        | Found a snail-covered altar of Cheibriados.
    23 | D        | Found a corrupted altar of Lugonu.
    23 | D        | Found a radiant altar of Vehumet.
    24 | D        | Found an ancient bone altar of Kikubaaqudgha.
    24 | D        | Found a hide-covered altar of Uskayaw.
    24 | D        | Found a broken altar of Ashenzari.
    28 | D        | Became a worshipper of Warmaster Okawaru
    68 | D        | Reached skill level 5 in Polearms
   256 | D        | Reached XP level 2. HP: 9/22 MP: 2/2
   548 | D        | Noticed a floating eye
   554 | D        | Killed a floating eye
   554 | D        | Reached * piety under Okawaru
   555 | D        | Reached skill level 6 in Dodging
   555 | D        | Reached XP level 3. HP: 31/31 MP: 2/5
   555 | D        | Reached XP level 4. HP: 38/38 MP: 2/6
   555 | D        | Reached XP level 5. HP: 43/43 MP: 2/7
   628 | D        | Noticed a water moccasin
   644 | D        | Killed a water moccasin
   644 | D        | Reached ** piety under Okawaru
   645 | D        | Reached skill level 5 in Fighting
   645 | D        | Reached skill level 10 in Polearms
   645 | D        | Reached skill level 7 in Dodging
   645 | D        | Reached skill level 5 in Invocations
   645 | D        | Reached XP level 6. HP: 37/52 MP: 6/9
   665 | D        | Reached skill level 8 in Dodging
   949 | D        | Reached XP level 7. HP: 43/59 MP: 11/11
  1042 | D        | Reached skill level 9 in Dodging
  1098 | D        | Reached *** piety under Okawaru
  1104 | D        | Reached skill level 5 in Armour
  1111 | D        | Reached skill level 10 in Dodging
  1115 | D        | Noticed a ynoxinul
  1115 | D        | Noticed a tarantella
  1121 | D        | Killed a tarantella
  1122 | D        | Reached XP level 8. HP: 50/69 MP: 12/14
  1133 | D        | Killed a ynoxinul
  1133 | D        | Reached **** piety under Okawaru
  1297 | D        | Reached skill level 11 in Dodging
  1412 | D        | Noticed a molten gargoyle
  1428 | D        | Killed a molten gargoyle
  1621 | D        | Noticed a spriggan rider
  1633 | D        | Killed a hornet
  1634 | D        | Reached XP level 9. HP: 65/78 MP: 13/15
  1636 | D        | Reached skill level 12 in Dodging
  1710 | D        | Reached skill level 10 in Fighting
  1723 | D        | Noticed a lindwurm
  1760 | D        | Killed a lindwurm
  1760 | D        | Reached ***** piety under Okawaru
  1761 | D        | Reached skill level 13 in Dodging
  1937 | D        | Noticed a kobold demonologist
  1951 | D        | Killed a kobold demonologist
  1952 | D        | Reached skill level 15 in Polearms
  2138 | D        | Identified the +7 chain mail of Duck's Teeth {-Tele MP+9
                  | Str+5} (Okawaru gifted it to you in the Dungeon)
  2138 | D        | Received a gift from Okawaru
  2217 | D        | Reached XP level 10. HP: 34/88 MP: 16/16
  2219 | D        | Reached skill level 14 in Dodging
  2454 | D        | Noticed a manticore
  2468 | D        | Killed a manticore
  2486 | D        | Noticed Grum
  2488 | D        | Noticed a death cob
  2505 | D        | Killed a death cob
  2506 | D        | Reached skill level 15 in Dodging
  2513 | D        | Killed Grum
  2808 | D        | Noticed a sea snake
  2808 | D        | Noticed a phantasmal warrior
  2818 | D        | Killed a sea snake
  2819 | D        | Reached skill level 16 in Dodging
  2823 | D        | Killed a phantasmal warrior
  2823 | D        | Identified the +5 plate armour of Impatience {+Inv rC+++
                  | Int-4 SInv} (Okawaru gifted it to you in the Dungeon)
  2823 | D        | Received a gift from Okawaru
  2824 | D        | Reached XP level 11. HP: 39/98 MP: 17/17
  3215 | D        | Noticed a deep troll
  3215 | D        | Noticed a sea snake
  3215 | D        | Noticed a flayed ghost
  3229 | D        | Killed a sea snake
  3237 | D        | Killed a flayed ghost
  3244 | D        | Killed a deep troll
  3245 | D        | Reached skill level 10 in Armour
  3264 | D        | Reached skill level 17 in Dodging
  3369 | D        | Noticed a phantasmal warrior
  3384 | D        | Noticed a sixfirhy
  3395 | D        | Killed a phantasmal warrior
  3409 | D        | Noticed a deep elf zephyrmancer
  3464 | D        | Reached skill level 15 in Fighting
  3472 | D        | Killed a deep elf zephyrmancer
  3472 | D        | Identified the +0 pair of boots "Useezafa" {Harm rCorr
                  | Str+9 Int-2} (Okawaru gifted it to you in the Dungeon)
  3472 | D        | Received a gift from Okawaru
  3473 | D        | Reached skill level 18 in Dodging
  3694 | D        | Got the +4 trident "Zitzuj" {vamp, *Noise Str+4 Int+4}
  3844 | D        | Noticed a manticore
  3844 | D        | Noticed an anaconda
  3862 | D        | Killed an anaconda
  3867 | D        | Killed a manticore
  3873 | D        | Reached XP level 12. HP: 32/110 MP: 11/18
  4263 | D        | Noticed a two-headed ogre
  4284 | D        | Killed a two-headed ogre
  4304 | D        | Reached skill level 19 in Dodging
  4333 | D        | Noticed Erica
  4346 | D        | Killed Erica
  4576 | D        | Noticed a death knight
  4576 | D        | Noticed an orc high priest
  4598 | D        | Killed a death knight
  4603 | D        | Killed an orc high priest
  4814 | D        | Noticed Azrael
  4830 | D        | Reached skill level 20 in Dodging
  4836 | D        | Killed Azrael
  4867 | D        | Got the ring of Optimism {Fly Str-2 Dex+3}
  5175 | D        | Identified the +3 troll leather armour of Cyuniuj {rF+ rC-
                  | Regen+ rCorr Slay+5} (Okawaru gifted it to you in the
                  | Dungeon)
  5175 | D        | Received a gift from Okawaru
  5330 | D        | Noticed a fire giant
  5344 | D        | Killed a fire giant
  5345 | D        | Reached skill level 21 in Dodging
  5355 | D        | Noticed Erolcha
  5363 | D        | Killed Erolcha
  5389 | D        | Reached skill level 1 in Long Blades
  5389 | D        | Reached XP level 13. HP: 102/122 MP: 19/19
  5425 | D        | Paralysed by a floating eye for 2 turns
  5545 | D        | Reached skill level 5 in Long Blades
  5761 | D        | Got the Atlas of Battling and the Birds
  5773 | D        | Got the Volume of the Burning Glacier
  5832 | D        | Noticed a storm dragon
  5832 | D        | Noticed a death cob
  5843 | D        | Killed a death cob
  5844 | D        | Reached skill level 22 in Dodging
  5854 | D        | Killed a storm dragon
  6037 | D        | Noticed an eidolon
  6037 | D        | Noticed Frances
  6037 | D        | Noticed an ettin
  6037 | D        | Noticed an ancient lich
  6066 | D        | Killed an eidolon
  6066 | D        | Received a gift from Okawaru
  6069 | D        | Killed an ettin
  6126 | D        | Reached skill level 23 in Dodging
  6133 | D        | Noticed a great orb of eyes
  6133 | D        | a great orb of eyes changed into a slime creature
  6135 | D        | Noticed a titan
  6135 | D        | Noticed a ghost moth
  6141 | D        | Noticed a shadow dragon
  6152 | D        | Killed a ghost moth
  6161 | D        | Killed a titan
  6169 | D        | Killed a shadow dragon
  6170 | D        | Reached skill level 10 in Long Blades
  6204 | D        | Noticed an ice dragon
  6210 | D        | Killed an ice dragon
  6210 | D        | Reached ****** piety under Okawaru
  6388 | D        | Noticed a merfolk javelineer
  6399 | D        | Killed a merfolk javelineer
  6406 | D        | Reached XP level 14. HP: 114/135 MP: 20/20
  6433 | D        | Noticed a nagaraja
  6450 | D        | Killed a nagaraja
  6501 | D        | Noticed a dire elephant
  6511 | D        | Killed a dire elephant
  6512 | D        | Noticed a storm dragon
  6529 | D        | Killed a storm dragon
  6548 | D        | HP: 2/134 [ancient lich (14)]
  6548 | D        | Slain by an ancient lich

Illustrated notes

Levels and vault maps discovered:
D:        pitsprint [storerooms_1, entrance_room_1, metal_vault_8, armoury_2,
          mini_pit_1, grid_room_1, main_hall_1, silver_pit, the_coven_3,
          the_vestibule_1, steel_vault_4, golden_pit, hallway_of_sentries,
          crystal_vault_4, iron_vault_4, final_vault]

Skill      XL: |  1  2  3  4  5  6  7  8  9 10 11 12 13 14 |
---------------+-------------------------------------------+-----
Polearms       | 7 9 10 11 12 13 15 17 19 20 21 | 21.0
Fighting       | 4 5 6 8 9 11 13 15 18 20 | 20.3
Armour         | 2 3 4 5 6 7 9 11 13 14 | 14.7
Dodging        | 6 7 8 10 11 13 16 18 21 23 | 23.8
Invocations    | 3 5 6 8 9 |  9.0
Long Blades    | 1 10 11 | 11.3
Throwing       | 4 |  4.6

Action                   |  1- 3 |  4- 6 |  7- 9 | 10-12 | 13-15 || total
-------------------------+-------+-------+-------+-------+-------++-------
Melee: Trident           |    22 |    32 |    45 |       |       ||    99
       Punch             |     1 |       |     1 |       |       ||     2
       Halberd           |       |       |   107 |   457 |   135 ||   699
       Bardiche          |       |       |       |       |    88 ||    88
       Scimitar          |       |       |       |       |     8 ||     8
Invok: Heroism           |       |     1 |     4 |     8 |     3 ||    16
       Finesse           |       |       |       |     4 |     3 ||     7
  Use: Potion            |       |       |     3 |     5 |     5 ||    13
 Stab: Sleeping          |     2 |       |     1 |       |       ||     3
Armor: Leather armour    |     2 |     1 |       |       |       ||     3
       Ring mail         |       |     7 |     8 |       |       ||    15
       Scale mail        |       |       |    30 |       |       ||    30
       Chain mail        |       |       |     7 |    38 |       ||    45
       Plate armour      |       |       |       |   130 |       ||   130
       Troll leather arm |       |       |       |    12 |    55 ||    67
Dodge: Dodged            |     7 |    12 |    76 |   351 |   192 ||   638

Table legend: (Time is in decaauts)
 A = Elapsed time spent in this place.
 B = Non-inter-level travel time spent in this place.
 C = Inter-level travel time spent in this place.
 D = Time resting spent in this place.
 E = Time spent auto-exploring this place.
 F = Levels seen in this place.
 G = Mean time per level.
                   A        B        C        D        E       F      G
               +--------+--------+--------+--------+--------+-----+--------+
         Total |   6252 |   6155 |     97 |   3996 |      0 |   1 | 6252.0 |
       Dungeon |   6252 |   6155 |     97 |   3996 |      0 |   1 | 6252.0 |
               +--------+--------+--------+--------+--------+-----+--------+

Top non-repeatable levels by time:
       D: 6252 daAuts
